 Dungeon Crawl Stone Soup version 0.24.1-4-ge52af88ad5 (webtiles) character file.

Game seed: 3039295014075914209, levelgen mode: deterministic

12054 Peloso the Carver (level 11, 0/159 HPs)
             Began as a Minotaur Fighter on Apr 12, 2020.
             Was a Priest of Okawaru.
             Engulfed by a cloud of flame (11 damage)
             ... in a Gauntlet.
             The game lasted 00:36:27 (10378 turns).

Peloso the Carver (Minotaur Fighter)               Turns: 10378, Time: 00:36:27

Health: 0/159      AC: 19    Str: 31    XL:     11   Next: 57%
Magic:  10/10      EV: 10    Int:  7    God:    Okawaru [***...]
Gold:   1403       SH: 15    Dex: 11    Spells: 10/10 levels left

rFire    . . .     SeeInvis .   a - +1 falchion (drain)
rCold    + . .     Gourm    .   c - +1 shield
rNeg     . . .     Faith    .   l - +0 plate armour
rPois    .         Spirit   .   (helmet restricted)
rElec    .         Reflect  .   (no cloak)
rCorr    .         Harm     .   r - +0 pair of gloves
MR       .....     NoTele   +   M - +2 pair of boots
Stlth    ..........             (no amulet)
HPRegen  0.36/turn              C - ring of protection from cold
MPRegen  0.12/turn              i - +3 ring of strength

@: berserking, hasted, very quick
A: retaliatory headbutt, horns 2, repulsion field 1, clever 1, robust 1
a: Heroism, Renounce Religion


You were in a Gauntlet.
You worshipped Okawaru.
Okawaru was most pleased with you.
You were not hungry.

You visited 2 branches of the dungeon, and saw 12 of its levels.
You also visited: Sewer, Ossuary and Gauntlet.

You collected 1535 gold pieces.
You spent 132 gold pieces at shops.

Inventory:

Hand Weapons
 a - a +1 falchion of draining (weapon)
 b - a +1 broad axe of freezing
Armour
 c - a +1 shield (worn)
 l - a +0 plate armour (worn)
 r - a +0 pair of gloves (worn)
 z - a +0 chain mail of poison resistance
 M - a +2 pair of boots (worn)
Jewellery
 i - a +3 ring of strength (right hand)
 n - an uncursed ring of see invisible
 s - an uncursed ring of stealth
 w - an uncursed ring of stealth
 C - a ring of protection from cold (left hand)
 P - the amulet of Koucvuare {+Rage rF++ rC+ rN+ Str-5}
   (You found it in a Gauntlet)

   [amulet of rage]

   It affects your strength (-5).
   It greatly protects you from fire.
   It protects you from cold.
   It protects you from negative energy.
   It lets you go berserk.
Wands
 q - a wand of paralysis (18)
 B - a wand of disintegration (23)
 L - a wand of acid (5)
 O - a wand of digging (3)
Scrolls
 e - 2 scrolls of teleportation
 g - 3 scrolls of magic mapping
 k - 6 scrolls of remove curse
 m - 3 scrolls of amnesia
 u - 2 scrolls of blinking
 v - 2 scrolls of enchant armour
 x - 8 scrolls of random uselessness {unknown}
 y - 2 scrolls of enchant weapon
 A - a scroll of noise
 E - a scroll of silence
 J - a scroll of fog
Potions
 d - 3 potions of might
 h - 6 potions of flight
 j - a potion of magic
 o - a potion of invisibility
 p - 2 potions of experience
 t - 2 potions of haste
 F - 8 potions of curing
 G - a potion of berserk rage
 K - a potion of mutation
 N - 2 potions of ambrosia
Comestibles
 f - 13 rations
 D - 2 chunks of flesh


   Skills:
 + Level 9.3 Fighting
 + Level 13.1 Long Blades
 + Level 9.3 Armour
 + Level 1.6 Dodging
 + Level 0.7 Stealth
 + Level 12.8 Shields
 + Level 1.0 Invocations


You had 10 spell levels left.
You didn't know any spells.
Your spell library contained the following spells:

 Spells                   Type           Power        Failure   Level  Hunger
 Animate Skeleton         Necr           N/A          99%         1    ##.....
 Apportation              Tloc           #.....       99%         1    ##.....
 Confusing Touch          Hex            #.....       99%         1    ##.....
 Summon Small Mammal      Summ           #...         99%         1    ##.....
 Ensorcelled Hibernation  Hex/Ice        #.....       100%        2    ###....
 Recall                   Summ/Tloc      N/A          100%        3    ####...
 Spectral Weapon          Hex/Chrm       #.......     100%        3    ####...


Dungeon Overview and Level Annotations

Branches:
Dungeon (13/15)            Temple (1/1) D:4             Orc (0/2) D:10
  Sewer (visited)         Ossuary (visited)         Gauntlet (1/1)
   Lair: D:8-11      Vaults: D:13-14

Altars:
Ashenzari
Cheibriados
Dithmenos
Elyvilon
Fedhas
Gozag
Hepliaklqana
Kikubaaqudgha
Makhleb
Nemelex Xobeh
Okawaru
Qazlal
Ru
Sif Muna
Trog
Uskayaw
Vehumet
Wu Jian
Xom
Yredelemnul
Zin
The Shining One

Shops:
D:3 *   D:6 ?   D:9 *

Annotations:
D:5 3 runed translucent doors, Curus's ghost, novice DsBe
D:7 2 transporters, mmigdal's ghost, novice DsTm Gauntlet 7 transporters


Innate Abilities, Weirdness & Mutations

You reflexively headbutt those who attack you in melee.
You have a pair of horns on your head.
You are surrounded by a mild repulsion field. (EV +2)
Your mind is acute. (Int +2)
You are robust. (+10% HP)


Message History

You headbutt the fire bat!! You block the fire bat's attack.
The hell hound bites you but does no damage.
You slice the fire crab!! You headbutt the fire crab!
The fire crab is severely wounded.
You are engulfed in blazing flames.
You block the fire bat's attack. You block the fire crab's attack.
The fire crab barely misses you.
Unknown command.
You slash the fire crab! You drain the fire crab.
You kill the fire crab!
Okawaru is honoured by your kill.
Your Invocations skill increases to level 1!
You are engulfed in blazing flames.
* * * LOW HITPOINT WARNING * * *
The fire bat barely misses you.
The fire bat bites you but does no damage.
You block the hell hound's attack. The fire bat barely misses you.
You hit the hell hound.
The hell hound is almost dead.
You are engulfed in blazing flames.
You die...

##########################
##≈#≈#≈#≈#≈#≈#≈#≈#≈#≈#§#≈#§
##.................§§...§...
#≈.................§...§....
##..###########..###########
#≈..#.........#..#.........#
##..#...###b..#..#.#)#.#.#.#
#≈..#....#b@h.#..#..#.#.#..#
##..#!#..#©.#.####.#.#.#.#.#
#≈..#©.######.#©©#©.#.©.#..#
##..#?#..#..#.####.#.#.#†#.# #.
#≈§.#"...#....#..#..#.#.#..#
...###..#...###...#..#.#.#.#.#.#
#....#..#.........#..#.........#
#...©#..###########..###########
.....#..........................


You could see a hell hound and 2 fire bats.

Vanquished Creatures
  3 two-headed ogres
  A queen ant (Gauntlet)
  A fire crab (Gauntlet)
  A wizard (Gauntlet)
  A cyclops (D:9)
  2 gargoyles (D:10)
  A centaur skeleton (D:10)
  A troll (shapeshifter) (D:13)
  A merfolk (D:9)
  A hornet (D:9)
  A troll (D:13)
  A hippogriff (D:8)
  A wyvern (D:8)
  A hungry ghost (D:7)
  A fire bat (Gauntlet)
  4 soldier ants (Gauntlet)
  2 black bears
  2 hell hounds (Gauntlet)
  Duvessa (D:7)
  6 orc warriors
  2 sky beasts
  An ogre (D:8)
  An ice beast (D:9)
  3 phantoms
  2 centaurs
  5 big kobolds (D:4)
  7 bullfrogs
  Dowan (D:7)
  A water moccasin skeleton (D:7)
  3 scorpions
  4 wights (D:7)
  2 howler monkeys
  4 crimson imps
  2 bullfrog zombies
  2 centaur zombies
  2 quasits (D:9)
  3 hounds
  7 jellies
  12 orc priests
  9 orc wizards
  A bullfrog skeleton (D:9)
  A gnoll shaman (D:4)
  3 iguanas
  8 worker ants
  A big kobold zombie (Ossuary)
  2 hound skeletons
  A hound zombie (D:7)
  A howler monkey zombie (D:6)
  3 mummies (Ossuary)
  10 gnolls
  12 adders
  4 shadow imps
  A white imp (Gauntlet)
  7 oozes
  2 adder zombies
  4 adder skeletons
  9 worms
  A dart slug (D:1)
  17 leopard geckos
  48 orcs
  24 giant cockroaches
  A gnoll zombie (Ossuary)
  32 goblins
  40 hobgoblins
  13 jackals
  3 quokkas
  17 ball pythons
  10 bats
  12 frilled lizards
  A goblin zombie (Ossuary)
  2 jackal zombies
  9 kobolds
  3 kobold zombies (Ossuary)
  A leopard gecko zombie (D:6)
  An orc zombie (Ossuary)
  A quokka skeleton (D:9)
  6 rats
418 creatures vanquished.

Vanquished Creatures (others)
  A plant (Gauntlet)
1 creature vanquished.

Grand Total: 419 creatures vanquished

Notes
Turn   | Place    | Note
-------+----------+-------------------------------------------
     0 | D:1      | Peloso the Minotaur Fighter began the quest for the Orb.
     0 | D:1      | Reached XP level 1. HP: 19/19 MP: 0/0
   136 | D:1      | Reached XP level 2. HP: 27/27 MP: 1/1
   471 | D:1      | Reached XP level 3. HP: 29/33 MP: 2/2
   988 | D:2      | Reached skill level 3 in Long Blades
  1112 | D:2      | Reached XP level 4. HP: 40/41 MP: 3/3
  1477 | D:2      | Gained mutation: Scrolls take you a little longer to read.
                  | [potion of mutation]
  1477 | D:2      | Gained mutation: You are robust. (+10% HP) [potion of
                  | mutation]
  1477 | D:2      | Gained mutation: You are surrounded by a mild repulsion
                  | field. (EV +2) [potion of mutation]
  1478 | D:2      | Lost mutation: You are robust. (+10% HP) [potion of
                  | mutation]
  1478 | D:2      | Lost mutation: Scrolls take you a little longer to read.
                  | [potion of mutation]
  1478 | D:2      | Gained mutation: You are robust. (+10% HP) [potion of
                  | mutation]
  1478 | D:2      | Gained mutation: Your mind is acute. (Int +2) [potion of
                  | mutation]
  1547 | D:3      | Found Gozag's Platinum Reserve.
  1547 | D:3      | Found an opulent altar of Gozag.
  1932 | D:3      | Reached skill level 5 in Armour
  2244 | D:3      | Reached XP level 5. HP: 51/51 MP: 4/4
  2561 | D:4      | Reached skill level 4 in Long Blades
  2701 | D:4      | Reached XP level 6. HP: 37/58 MP: 5/5
  2790 | D:4      | Reached skill level 5 in Shields
  2943 | D:4      | Found a staircase to the Ecumenical Temple.
  2955 | D:4      | Found a glowing drain.
  2969 | Sewer    | Entered a sewer
  3314 | Sewer    | Reached skill level 5 in Long Blades
  3365 | Sewer    | Reached skill level 5 in Fighting
  3365 | Sewer    | Reached XP level 7. HP: 60/67 MP: 6/6
  3431 | D:4      | Identified the Disquisition on Bewitchment and the Compass
  3471 | Temple   | Entered the Ecumenical Temple
  4254 | D:4      | Reached skill level 6 in Long Blades
  4284 | D:4      | Reached skill level 1 in Dodging
  4309 | D:4      | Reached XP level 8. HP: 35/75 MP: 7/7
  4902 | D:5      | Entered Level 5 of the Dungeon
  5072 | D:5      | Reached skill level 7 in Long Blades
  5907 | D:5      | Found a runed translucent gate.
  5907 | D:5      | Found a runed translucent gate.
  5907 | D:5      | Found a runed translucent gate.
  5909 | D:5      | Noticed Curus's ghost (novice DsBe)
  6089 | D:6      | Reached skill level 8 in Long Blades
  6149 | D:6      | Reached XP level 9. HP: 60/82 MP: 8/8
  6343 | D:6      | Found Kuisyeci's Magic Scroll Boutique.
  6367 | D:6      | Bought a scroll of magic mapping for 42 gold pieces
  6367 | D:6      | Bought a scroll of magic mapping for 42 gold pieces
  6367 | D:6      | Bought a scroll of identify for 24 gold pieces
  6367 | D:6      | Bought a scroll of identify for 24 gold pieces
  6709 | D:7      | Reached skill level 9 in Long Blades
  6742 | D:7      | Noticed mmigdal's ghost (novice DsTm)
  6747 | D:7      | Found a transporter.
  7025 | D:7      | Reached skill level 10 in Shields
  7032 | D:7      | Found a transporter.
  7053 | D:7      | Noticed Duvessa
  7053 | D:7      | Noticed Dowan
  7061 | D:7      | Killed Duvessa
  7085 | D:7      | Killed Dowan
  7085 | D:7      | Reached skill level 10 in Long Blades
  7416 | D:8      | Found a sand-covered staircase.
  7421 | Ossuary  | Entered an ossuary
  7714 | D:8      | Reached XP level 10. HP: 94/94 MP: 9/9
  7809 | D:8      | Noticed a two-headed ogre
  7829 | D:8      | Killed a two-headed ogre
  7829 | D:8      | Reached skill level 11 in Long Blades
  8150 | D:9      | Found an iron altar of Okawaru.
  8170 | D:9      | Became a worshipper of Warmaster Okawaru
  8309 | D:9      | Found Uzoetem's Assorted Antiques.
  8353 | D:9      | Noticed a cyclops
  8365 | D:9      | Killed a cyclops
  8690 | D:9      | Found a blossoming altar of Fedhas.
  9026 | D:10     | Entered Level 10 of the Dungeon
  9100 | D:10     | Reached * piety under Okawaru
  9125 | D:10     | Noticed a gargoyle
  9143 | D:10     | Killed a gargoyle
  9210 | D:10     | Reached skill level 12 in Long Blades
  9245 | D:10     | Found a staircase to the Orcish Mines.
  9353 | D:10     | Noticed a two-headed ogre
  9364 | D:10     | Killed a two-headed ogre
  9364 | D:10     | Reached ** piety under Okawaru
  9364 | D:10     | Reached XP level 11. HP: 32/104 MP: 7/10
  9837 | D:10     | You fall into a shaft and drop 3 floors!
  9844 | D:13     | Noticed a two-headed ogre
  9873 | D:13     | Killed a two-headed ogre
  9873 | D:13     | Reached *** piety under Okawaru
  9895 | D:13     | Found a gate leading to a gauntlet.
  9904 | Gauntlet | Entered a Gauntlet
  9904 | Gauntlet | Found a transporter.
  9904 | Gauntlet | Found a transporter.
  9905 | Gauntlet | Found a transporter.
  9906 | Gauntlet | Found a transporter.
  9906 | Gauntlet | Found a transporter.
  9906 | Gauntlet | Noticed a catoblepas
  9906 | Gauntlet | Noticed a wizard
  9909 | Gauntlet | Found a transporter.
  9910 | Gauntlet | Found the +0 Maxwell's etheric cage {RegenMP+ *Contam rElec
                  | MP+4}
  9914 | Gauntlet | Noticed a queen ant
  9916 | Gauntlet | Found a transporter.
  9917 | Gauntlet | Found a transporter.
  9925 | Gauntlet | Found a transporter.
  9927 | Gauntlet | Found a transporter.
  9934 | Gauntlet | Noticed a fire crab
  9942 | Gauntlet | Found a transporter.
  9942 | Gauntlet | Found a transporter.
 10243 | Gauntlet | Killed a wizard
 10268 | Gauntlet | Got a warped steel amulet
 10269 | Gauntlet | Identified the amulet of Koucvuare {+Rage rF++ rC+ rN+
                  | Str-5} (You found it in a Gauntlet)
 10320 | Gauntlet | Killed a queen ant
 10320 | Gauntlet | Reached skill level 13 in Long Blades
 10377 | Gauntlet | Killed a fire crab
 10377 | Gauntlet | Reached skill level 1 in Invocations
 10378 | Gauntlet | Engulfed by a cloud of flame

Levels and vault maps discovered:
D:1:      lightli_arrival_isolated_outpost, layout_loops_ring, minivault_4,
          minmay_vboxes
D:2:      layout_basic
D:3:      layout_basic, first_ration, nicolae_gozag_zags_fifth_avenue
D:4:      minmay_goblin_kobold_castle, layout_basic,
          minmay_temple_entry_offerings, cheibrodos_sewer_entry_drain,
          serial_co_window_serial, co_window_paths_a, co_window_corner_a,
          co_window_cross_1, co_window_corner_a, co_window_paths_a,
          co_window_paths_c, co_window_corner_b, co_window_unsneaky_path_c,
          co_window_paths_e
D:5:      layout_layer_cave, ebering_ghost_rock_garden
D:6:      layout_rooms, serial_shops, shop_fountains, abandoned_shop
D:7:      layout_basic, gammafunk_ghost_arena, uniq_duvessa
D:8:      layout_rooms, nicolae_ossuary_entry_ruins
D:9:      layout_basic, marbit_many_paths, lemuel_crystal_altar, serial_shops,
          kennysheep_mini, hangedman_fish_farm, nicolae_straight_to_the_point
D:10:     layout_roguey, erik_orc_4
D:13:     layout_long_grid, david_vaults_4, gauntlet_entry_generic
Temple:   regret_index_temple_chain_breaker
Gauntlet: minmay_gauntlet_mixed_big_or_small [gammafunk_gauntlet_arena_chambers,
          minmay_gauntlet_arena_77_two_paths, gammafunk_gauntlet_arena_grid,
          minmay_gauntlet_arena_77_mirror, nicolae_gauntlet_arena_t_cross,
          minmay_gauntlet_arena_77_squiggly, gauntlet_exit_green]

Skill      XL: |  1  2  3  4  5  6  7  8  9 10 11 |
---------------+----------------------------------+-----
Armour         | 4 5 6 7 8 9 |  9.3
Shields        | 4 6 7 9 10 11 12 | 12.8
Fighting       | 4 5 6 7 8 9 |  9.3
Long Blades    | 3 4 5 6 8 10 12 13 | 13.1
Dodging        | 1 |  1.6
Invocations    | 1 |  1.0
Stealth        | |  0.7

Action                   |  1- 3 |  4- 6 |  7- 9 | 10-12 || total
-------------------------+-------+-------+-------+-------++-------
Melee: Long sword        |   105 |   323 |   184 |       ||   612
       Headbutt          |    20 |    51 |   120 |    90 ||   281
       Falchion          |       |       |   379 |   349 ||   728
Invok: Heroism           |       |       |       |     7 ||     7
Evoke: Wand              |       |       |       |     1 ||     1
  Use: Potion            |       |     3 |       |     5 ||     8
       Scroll            |       |     7 |     8 |     9 ||    24
  Eat: Chunk             |       |     9 |    15 |     3 ||    27
       Ration            |       |       |       |     2 ||     2
Armor: Scale mail        |    16 |       |       |       ||    16
       Plate armour      |    20 |   266 |   291 |   117 ||   694
Dodge: Dodged            |    25 |   111 |   171 |   111 ||   418
Block: Shield            |    46 |   327 |   442 |   228 ||  1043
       Rpst.: Long sword |     5 |    24 |    15 |       ||    44
       Falchion          |       |       |    17 |    26 ||    43
